Map: Rhoskallian LE

Players

Cherry

  • Race: Terran Terran
  • Spawn Location: 6:00

Spaßmarine

  • Race: Protoss Protoss
  • League: Platinum
  • Spawn Location: 5:00

Ekelpack - Winner!

  • Race: Zerg Zerg
  • Spawn Location: 12:00

Nyck - Winner!

  • Race: Terran Terran
  • Spawn Location: 11:00

VOD

Have the link to the VOD?

Description

Time

  • Played on: Feb. 4, 2025, 4:02 p.m.
  • Length: 14:02
Show
View Real Time Build Order
Export as new Build Order

Cherry Terran 

Build Orders:  

Get SALT Encoding   

  12  0:02  SCV  
  13  0:14  SCV  
  13  0:20  Supply Depot  
  14  0:26  SCV  
  15  0:41  SCV  
  16  0:43  Barracks  
  16  0:53  SCV  
  17  1:02  Refinery  
  17  1:06  SCV  
  18  1:16  Refinery  
  18  1:24  Barracks  
  18  1:43  SCV  
  18  1:45  Barracks Tech Lab  
  19  1:55  SCV, Command Center  
  20  2:05  Marine  
  20  2:07  SCV  
  22  2:13  Barracks Reactor  
  22  2:22  Marine  
  22  2:28  Supply Depot  
  23  2:41  SCV  
  23  2:50  Marine  
  24  2:52  Marine x2  
  26  3:08  Orbital Command, Marine  
  27  3:16  Factory  
  27  3:27  Marine  
  27  3:28  Marine  
  27  3:31  Stimpack  
  27  3:33  Marine  
  30  3:42  Supply Depot  
  30  3:51  Marine, Engineering Bay  
  30  3:53  SCV  
  32  4:01  Factory Tech Lab  
  32  4:06  SCV  
  32  4:18  SCV  
  32  4:21  Siege Tank  
  35  4:27  Marine  
  35  4:30  Marine  
  37  4:37  Orbital Command  
  37  4:46  Starport  
  37  4:53  Siege Tank  
  40  5:13  SCV  
  41  5:14  SCV  
  42  5:23  Armory  
  42  5:25  SCV  
  42  5:26  SCV  
  42  5:27  Medivac  
  46  5:31  Concussive Shells  
  47  5:37  SCV  
  47  5:38  SCV  
  47  5:39  Marauder  
  50  5:49  SCV  
  51  5:58  Marine  
  51  5:59  Marine  
  51  6:01  SCV  
  54  6:07  Missile Turret  
  54  6:09  Missile Turret  
  54  6:14  Missile Turret  
  54  6:16  Missile Turret  
  54  6:17  Terran Vehicle Weapons Level 1  
  54  6:30  Missile Turret  
  54  6:34  Missile Turret, Marine, Refinery  
  54  6:37  Marine  
  54  6:39  Missile Turret, Marauder  
  46  6:53  Refinery  
  45  6:54  Terran Infantry Weapons Level 1  
  45  6:55  Viking  
  45  7:00  Marine  
  48  7:10  SCV  
  49  7:17  SCV  
  49  7:18  Marine  
  49  7:22  SCV  
  52  7:29  SCV  
  54  7:39  Marine  
  54  7:51  Supply Depot  
  54  7:54  Supply Depot  
  54  7:56  Supply Depot  
  54  8:12  Supply Depot  
  54  8:13  SCV, Marine x2, Marauder  
  54  8:15  Supply Depot  
  54  8:17  SCV  
  54  8:19  Supply Depot  
  60  8:25  SCV, Fusion Core  
  60  8:26  Terran Vehicle Weapons Level 2  
  61  8:29  SCV  
  61  8:31  Marine, Medivac  
  65  8:35  Marauder  
  65  8:37  SCV  
  68  8:41  SCV  
  67  8:49  SCV  
  67  8:53  SCV  
  69  8:56  Marauder  
  69  9:01  Medivac  
  73  9:05  SCV  
  73  9:09  Supply Depot  
  74  9:11  Supply Depot  
  74  9:12  Supply Depot  
  74  9:14  Supply Depot  
  74  9:16  Marine x2  
  76  9:18  SCV, Marauder  
  79  9:30  SCV  
  80  9:34  Marine x2  
  80  9:37  Starport  
  85  9:42  SCV  
  85  9:43  Weapon Refit  
  86  9:46  Starport Tech Lab, Starport  
  86  9:51  Marine  
  84  9:54  SCV  
  84  9:58  SCV  
  86  10:05  Thor, Starport  
  92  10:10  SCV  
  93  10:16  Battlecruiser  
  82  10:36  Marauder  
  82  10:37  Starport Tech Lab  
  82  10:38  Starport Tech Lab  
  82  10:42  Terran Vehicle And Ship Armor Level 1  
  84  10:48  Thor  
  90  10:57  Marauder  
  90  11:02  SCV  
  90  11:04  SCV  
  94  11:08  Command Center  
  94  11:14  SCV  
  94  11:15  Refinery  
  94  11:16  SCV  
  96  11:20  Refinery  
  96  11:23  Starport Tech Lab  
  96  11:24  Battlecruiser  
  102  11:26  SCV  
  102  11:28  SCV  
  102  11:31  Thor  
  110  11:38  SCV  
  110  11:40  SCV  
  81  11:52  SCV  
  76  12:15  Battlecruiser  
  81  12:17  Battlecruiser  
Show
View Real Time Build Order
Export as new Build Order

Spaßmarine Protoss 

Build Orders: 1 Gate Expand 

Get SALT Encoding   

  12  0:01  Probe  
  13  0:14  Probe  
  14  0:24  Pylon  
  14  0:26  Probe  
  15  0:42  Probe  
  16  0:43  Gateway  
  16  0:51  Assimilator  
  16  0:54  Probe  
  17  1:06  Probe  
  18  1:19  Probe  
  19  1:33  Nexus  
  19  1:34  Probe  
  20  1:46  Assimilator  
  20  1:47  Probe  
  20  1:49  Pylon  
  21  1:55  Cybernetics Core  
  22  2:01  Probe  
  22  2:12  Warp Gate  
  22  2:13  Probe  
  23  2:21  Gateway  
  23  2:25  Probe  
  23  2:27  Pylon  
  23  2:28  Stalker  
  24  2:37  Probe  
  27  2:46  Probe  
  27  3:08  Stalker x2  
  30  3:19  Probe x2  
  32  3:25  Stargate  
  32  3:32  Probe  
  32  3:33  Probe  
  34  3:43  Shield Battery  
  34  3:51  Forge  
  34  4:00  Oracle, Probe  
  34  4:01  Probe  
  36  4:08  Stalker x2  
  40  4:13  Probe x2  
  40  4:14  Protoss Ground Weapons Level 1  
  45  4:22  Gateway  
  45  4:30  Oracle  
  45  4:34  Probe x2  
  45  4:35  Gateway  
  50  4:46  Probe x2  
  50  4:50  Stalker  
  54  5:05  Assimilator  
  54  5:09  Assimilator  
  54  5:11  Pylon  
  54  5:16  Pylon  
  54  5:26  Void Ray  
  54  5:29  Probe x2  
  54  5:35  Nexus  
  60  5:41  Pylon  
  60  5:51  Stalker x2  
  64  6:15  Stalker  
  64  6:16  Stalker, Phoenix  
  68  6:22  Photon Cannon  
  70  6:26  Photon Cannon  
  70  6:27  Pylon  
  70  6:30  Photon Cannon  
  70  6:32  Photon Cannon  
  70  6:34  Photon Cannon  
  70  6:39  Shield Battery  
  70  6:56  Twilight Council  
  70  6:59  Pylon  
  70  7:06  Stalker x2  
  70  7:08  Phoenix  
  76  7:17  Shield Battery  
  76  7:23  Probe x3  
  76  7:27  Shield Battery  
  79  7:30  Photon Cannon  
  79  7:32  Stalker x2  
  79  7:34  Pylon  
  79  7:35  Probe x3  
  86  7:40  Phoenix  
  86  8:03  Probe  
  86  8:04  Probe x2  
  89  8:06  Stalker x2  
  89  8:10  Assimilator  
  89  8:11  Phoenix  
  95  8:20  Protoss Ground Weapons Level 2  
  95  8:21  Probe x3  
  98  8:34  Zealot x2  
  102  8:51  Phoenix  
  102  8:53  Probe x3  
  107  8:55  Stalker  
  107  8:56  Stalker  
  111  9:04  Shield Battery  
  111  9:05  Pylon, Probe x2  
  111  9:07  Pylon  
  111  9:08  Assimilator  
  113  9:12  Photon Cannon  
  113  9:16  Pylon  
  113  9:20  Pylon  
  113  9:52  Stalker x2  
  117  10:08  Stalker x2  
  99  10:38  Assimilator, Stalker x4  
  99  10:41  Protoss Ground Weapons Level 3  
  107  10:45  Void Ray  
  107  10:46  Probe x2  
  107  10:47  Probe  
  114  11:09  Robotics Facility  
  114  11:11  Robotics Facility  
  114  11:14  Pylon  
  114  11:17  Stalker x3  
  114  11:18  Stalker  
  122  11:20  Void Ray  
  76  11:53  Stalker x2  
  76  11:54  Stalker x2  
  63  12:05  Void Ray  
  41  12:16  Immortal x2  
  41  12:18  Stalker x2  
  41  12:19  Stalker x2  
  57  12:29  Gateway x2  
  57  12:46  Stalker x4  
  57  12:50  Void Ray  
  69  12:54  Photon Cannon  
  69  12:55  Photon Cannon  
  69  12:57  Photon Cannon  
  69  12:59  Immortal x2  
  69  13:02  Photon Cannon  
  69  13:03  Photon Cannon  
  77  13:14  Pylon  
  77  13:18  Pylon  
  77  13:23  Stalker  
  77  13:24  Stalker x3  
Show
View Real Time Build Order
Export as new Build Order

Ekelpack Zerg - Winner!

Build Orders: Hatch First 

Get SALT Encoding   

  12  0:00  Drone  
  13  0:12  Overlord  
  13  0:19  Drone  
  14  0:31  Drone x2  
  14  0:35  Drone  
  17  0:45  Drone  
  18  0:59  Hatchery  
  18  1:01  Drone  
  18  1:03  Extractor  
  17  1:08  Drone  
  18  1:17  Spawning Pool  
  17  1:20  Drone  
  18  1:30  Drone  
  20  1:40  Drone  
  20  1:42  Extractor  
  19  1:51  Drone  
  20  2:02  Overlord  
  20  2:04  Queen  
  22  2:11  Queen  
  22  2:14  Drone  
  25  2:24  Metabolic Boost  
  25  2:26  Drone x2  
  27  2:30  Drone  
  27  2:35  Drone  
  27  2:36  Drone  
  30  2:46  Overlord  
  30  2:47  Drone  
  31  2:56  Lair  
  31  3:00  Drone  
  31  3:04  Drone  
  33  3:06  Drone  
  33  3:07  Drone  
  35  3:16  Extractor  
  35  3:18  Drone  
  35  3:19  Zergling x2  
  36  3:25  Zergling x6  
  39  3:29  Drone x2  
  39  3:30  Drone  
  42  3:38  Overlord  
  42  3:43  Drone  
  43  3:56  Drone, Spire  
  43  4:05  Drone x3  
  43  4:07  Overlord, Extractor  
  43  4:08  Overlord  
  44  4:34  Drone x4  
  44  4:35  Overlord x3  
  48  5:08  Mutalisk x6  
  48  5:09  Mutalisk  
  48  5:13  Mutalisk x2  
  66  5:14  Mutalisk  
  68  5:21  Mutalisk x2  
  68  5:24  Zerg Flyer Weapons Level 1  
  72  5:31  Queen  
  73  5:48  Hatchery  
  72  5:53  Infestation Pit  
  63  6:18  Drone x6  
  67  6:19  Drone x3  
  64  6:49  Drone x4, Overlord  
  64  6:50  Drone, Overlord  
  69  7:04  Drone x3  
  69  7:05  Drone x5  
  69  7:07  Hive  
  77  7:10  Queen  
  79  7:20  Zerg Flyer Weapons Level 2  
  79  7:23  Mutalisk x4  
  87  7:30  Drone x4  
  87  7:31  Drone  
  87  7:33  Extractor  
  87  7:34  Pneumatized Carapace  
  91  7:37  Extractor  
  91  7:43  Evolution Chamber  
  89  7:45  Evolution Chamber  
  88  8:25  Zerg Melee Weapons Level 1  
  88  8:26  Zerg Ground Armor Level 1  
  88  8:27  Adrenal Glands  
  88  8:30  Zergling x12  
  88  8:31  Ultralisk Cavern, Zergling x8, Overlord x4  
  88  8:32  Zergling x6  
  98  9:23  Ultralisk x3  
  98  9:24  Ultralisk x3  
  128  9:25  Zergling x6, Overlord  
  128  9:26  Zergling x2, Overlord  
  138  9:32  Spore Crawler  
  138  9:33  Spore Crawler, Drone  
  138  9:34  Drone x2  
  118  10:04  Zergling x2, Ultralisk  
  118  10:05  Zergling x4  
  119  10:15  Ultralisk x2  
  118  10:22  Hatchery  
  118  10:23  Overlord  
  117  10:43  Drone x4  
  117  10:44  Drone  
  122  11:02  Drone x2  
  122  11:03  Drone  
  125  11:06  Overlord  
  125  11:28  Overlord x2, Ultralisk  
  125  11:29  Zergling x2  
  120  11:45  Zergling x6, Ultralisk x2  
  110  12:02  Extractor  
  106  12:19  Drone x3  
  106  12:22  Ultralisk x4  
  133  12:37  Corruptor x2  
  137  13:11  Hatchery, Extractor  
  135  13:13  Extractor  
  134  13:20  Zergling x2, Overlord x2  
  134  13:21  Zergling x4, Ultralisk  
  134  13:22  Ultralisk x2  
  155  13:37  Overlord x2  
  155  13:38  Overlord  
Show
View Real Time Build Order
Export as new Build Order

Nyck Terran - Winner!

Build Orders:  

Get SALT Encoding   

  12  0:00  SCV  
  13  0:12  SCV  
  14  0:18  Supply Depot  
  14  0:24  SCV  
  15  0:40  SCV  
  15  0:42  Barracks  
  16  0:50  Refinery  
  16  0:52  SCV  
  17  1:09  SCV  
  18  1:22  SCV  
  19  1:33  Barracks  
  19  1:37  Reaper  
  19  1:38  Orbital Command  
  20  1:47  Supply Depot  
  20  2:04  SCV  
  21  2:17  SCV  
  21  2:18  Barracks Tech Lab  
  21  2:21  Refinery, Barracks Reactor  
  22  2:34  SCV  
  23  2:40  Marine  
  24  2:46  SCV  
  25  3:04  SCV  
  25  3:05  Marine x3  
  29  3:18  SCV  
  30  3:21  Combat Shield  
  30  3:24  Marine  
  31  3:37  Supply Depot  
  31  3:41  Command Center  
  31  3:46  Factory  
  31  3:58  SCV, Marine x2  
  31  4:01  Marine  
  35  4:04  Supply Depot  
  35  4:18  SCV, Marine  
  35  4:19  Marine  
  38  4:30  SCV  
  39  4:31  Marine  
  39  4:35  Supply Depot  
  39  4:37  Starport  
  40  4:38  Factory Reactor  
  40  4:42  Engineering Bay  
  40  4:44  Engineering Bay  
  40  4:47  Armory  
  40  4:48  SCV  
  41  4:55  Orbital Command  
  41  4:57  Refinery  
  41  4:59  Marine x3  
  44  5:00  SCV  
  45  5:12  Terran Infantry Weapons Level 1  
  45  5:23  Marine x3  
  45  5:25  Barracks  
  48  5:30  SCV x2  
  50  5:36  Refinery  
  50  5:42  SCV x2, Stimpack  
  51  5:46  Supply Depot  
  51  5:49  Terran Infantry Armor Level 1  
  52  6:19  SCV, Missile Turret  
  52  6:20  SCV  
  52  6:23  Missile Turret  
  54  6:29  Command Center  
  54  6:31  Marine x2  
  54  6:32  SCV x2  
  58  6:33  Barracks Reactor  
  58  6:43  Terran Vehicle And Ship Armor Level 1  
  58  6:44  SCV x2, Medivac x2  
  64  6:53  Barracks  
  64  6:56  SCV x2  
  64  6:59  Supply Depot  
  66  7:06  Marine x2  
  66  7:08  Terran Infantry Weapons Level 2  
  69  7:13  Marine x2  
  69  7:14  Marine, Medivac x2  
  75  7:21  Refinery  
  75  7:26  SCV  
  75  7:27  SCV, Refinery  
  77  7:32  Marine  
  77  7:33  Supply Depot  
  77  7:35  Marine x4  
  82  7:43  Barracks Reactor  
  82  7:45  Barracks, Medivac  
  82  7:46  Medivac  
  82  7:47  Terran Infantry Armor Level 2  
  82  7:51  Orbital Command  
  86  7:57  SCV x2  
  88  8:09  SCV x2  
  90  8:19  Marine x3  
  92  8:20  Marine x2  
  92  8:21  SCV  
  92  8:22  SCV  
  92  8:24  Medivac  
  92  8:25  Medivac  
  101  8:30  Supply Depot  
  101  8:36  Starport x2  
  101  8:37  Starport  
  101  8:38  SCV x2  
  103  8:43  Terran Vehicle And Ship Armor Level 2  
  103  8:48  Marine x3  
  106  8:50  SCV  
  106  8:53  SCV x2  
  109  8:56  Marine  
  109  8:58  Marine  
  109  9:02  SCV  
  112  9:05  Supply Depot, SCV  
  112  9:06  SCV  
  114  9:14  Starport  
  114  9:15  SCV  
  115  9:19  Marine x2  
  117  9:25  Terran Infantry Weapons Level 3  
  117  9:26  Marine x3  
  117  9:28  Supply Depot  
  117  9:30  Starport Reactor x3  
  120  9:35  SCV x3  
  123  9:40  Command Center  
  123  9:51  Marine x5  
  128  9:55  Barracks Reactor  
  128  9:58  Barracks  
  128  10:02  SCV x3  
  128  10:03  Marine x2  
  133  10:38  Terran Infantry Armor Level 3  
  133  10:43  Supply Depot  
  133  10:47  Marine x2, Viking x3  
  133  10:48  Marine x6, Viking x4  
  133  10:49  Marine, Viking  
  158  10:50  Barracks Reactor  
  158  10:54  Starport Reactor  
  158  10:59  Orbital Command  
  158  11:01  SCV x3  
  161  11:13  SCV x3, Marine, Refinery  
  161  11:14  Marine x8  
  161  11:17  Barracks Reactor  
  173  11:19  Viking  
  173  11:25  SCV  
  176  11:30  Supply Depot, Refinery  
  176  11:31  Marine x4  
  177  11:48  Marine  
  177  11:49  Marine x8  
  186  12:06  Marine x5  
  186  12:07  Marine x4  
  193  12:15  Viking x5  
  196  12:24  Marine x4  
  196  12:29  Viking  
  187  12:59  Viking x2  
  187  13:00  Viking x4  
  199  13:31  Command Center  
Tags
 
Add a new tag
Caveats
  • Supply blocks, unpowered buildings, or Contaminate may cause inaccurate times.
  • Supply counts are checked every 10 seconds.